 Dungeon Crawl Stone Soup version 0.21.0-3-g78d12a8 (webtiles) character file.

41806 FortyRogue the Severer (level 13, 0/118 HPs)
             Began as a Deep Dwarf Gladiator on Jan 10, 2018.
             Was a High Priest of Makhleb.
             Killed from afar by a blizzard demon (24 damage)
             ... with a bolt of lightning
             ... summoned by the player character
             ... on level 2 of the Snake Pit on Jan 11, 2018.
             The game lasted 03:37:33 (13253 turns).

FortyRogue the Severer (Deep Dwarf Gladiator)      Turns: 13253, Time: 03:37:34

Health: 0/118      AC: 20    Str: 19    XL:     13   Next: 82%
Magic:  14/14      EV: 12    Int: 14    God:    Makhleb [*****.]
Gold:   867        SH: 18    Dex: 17    Spells: 2/12 levels left

rFire    + . .     SeeInvis .   a - +5 war axe (venom)
rCold    + . .     Gourm    .   K - +0 large shield
rNeg     + . .     Faith    .   d - +5 scale mail {rN+}
rPois    .         Spirit   .   c - +0 helmet
rElec    .         Reflect  .   V - scarf {rC+ rF+}
rCorr    .         Harm     .   (no gloves)
MR       +....                  q - +0 pair of boots
Stlth    ++........             A - amulet of magic regeneration
HPRegen  0.00/turn              p - +4 ring of protection
MPRegen  0.39/turn              o - +4 ring of intelligence

@: lethally poisoned (0 -> -57), about to teleport, starving, non-regenerating
A: damage resistance, heal wounds, sense surroundings 2, no regeneration
a: Heal Wounds, Minor Destruction, Lesser Servant of Makhleb, Major Destruction,
Greater Servant of Makhleb, Renounce Religion


You were on level 2 of the Snake Pit.
You worshipped Makhleb.
Makhleb was extremely pleased with you.
You were starving.

You visited 3 branches of the dungeon, and saw 17 of its levels.

You collected 1062 gold pieces.
You spent 195 gold pieces at shops.

Inventory:

Hand Weapons
 a - a +5 war axe of venom (weapon)
 t - a +2 war axe of flaming
 J - a +0 broad axe
Missiles
 r - 8 needles of confusion
 u - 44 poisoned needles
 y - 5 needles of paralysis
 F - 3 needles of sleeping
 T - 5 javelins (quivered)
Armour
 c - a +0 helmet (worn)
 d - a +5 scale mail of positive energy (worn)
 l - a +2 cloak of magic resistance
 q - a +0 pair of boots (worn)
 K - a +0 large shield (worn)
 V - a scarf of resistance (worn)
Jewellery
 h - an uncursed ring of protection from magic
 o - a +4 ring of intelligence (right hand)
 p - a +4 ring of protection (left hand)
 v - an uncursed ring of stealth
 w - an uncursed ring of see invisible
 A - an amulet of magic regeneration (around neck)
 E - a +4 ring of strength
 O - an uncursed ring of wizardry
Wands
 x - a wand of disintegration (11)
 G - a wand of paralysis (32)
 I - a wand of random effects (64)
 L - a wand of digging (10)
 R - a wand of enslavement (19)
 U - a wand of flame (33)
Scrolls
 b - 5 scrolls of remove curse
 e - 5 scrolls of teleportation
 D - 4 scrolls of magic mapping
 H - 4 scrolls of amnesia
 Q - 10 scrolls of identify
Potions
 g - 3 potions of heal wounds
 i - 2 potions of brilliance
 k - 2 potions of mutation
 m - 3 potions of flight
 n - 4 potions of lignification
 C - 5 potions of curing
 M - 3 potions of invisibility
 N - a potion of magic
Books
 s - the Collected Works on Captivating Changing
   (You found it on level 4 of the Lair of Beasts)

   Spells                             Type                      Level
   a - Corona                         Hexes                        1
   b - Petrify                        Transmutation/Earth          4
   c - Metabolic Englaciation         Hexes/Ice                    5
   d - Blade Hands                    Transmutation                5
 z - a book of Changes

   Spells                             Type                      Level
   a - Beastly Appendage              Transmutation                1
   b - Sticks to Snakes               Transmutation                2
   c - Spider Form                    Transmutation/Poison         3
   d - Ice Form                       Ice/Transmutation            4
   e - Blade Hands                    Transmutation                5
 B - a Young Poisoner's Handbook

   Spells                             Type                      Level
   a - Sting                          Conjuration/Poison           1
   b - Poisonous Vapours              Poison/Air                   2
   c - Mephitic Cloud                 Conjuration/Poison/Air       3
   d - Olgreb's Toxic Radiance        Poison                       4
   e - Venom Bolt                     Conjuration/Poison           5
 P - a book of Debilitation

   Spells                             Type                      Level
   a - Corona                         Hexes                        1
   b - Slow                           Hexes                        2
   c - Inner Flame                    Hexes/Fire                   3
   d - Portal Projectile              Hexes/Translocation          3
   e - Cause Fear                     Hexes                        4
   f - Leda's Liquefaction            Hexes/Earth                  4
 S - a book of Air

   Spells                             Type                      Level
   a - Shock                          Conjuration/Air              1
   b - Swiftness                      Charms/Air                   2
   c - Static Discharge               Conjuration/Air              3
   d - Airstrike                      Air                          4
   e - Lightning Bolt                 Conjuration/Air              5
 Z - a book of Conjurations

   Spells                             Type                      Level
   a - Magic Dart                     Conjuration                  1
   b - Searing Ray                    Conjuration                  2
   c - Dazzling Spray                 Conjuration/Hexes            3
   d - Fulminant Prism                Conjuration/Hexes            4
   e - Force Lance                    Conjuration/Translocation    4
   f - Iskenderun's Mystic Blast      Conjuration                  4
Comestibles
 f - 42 rations


   Skills:
 + Level 8.4 Fighting
 + Level 15.2 Axes
 + Level 6.4 Throwing
 + Level 8.8 Armour
 + Level 7.5 Dodging
 + Level 5.5 Stealth
 + Level 11.6 Shields
 + Level 6.8 Invocations
 + Level 2.3 Evocations


You had 2 spell levels left.
You knew the following spells:

 Your Spells              Type           Power        Failure   Level  Hunger
a - Beastly Appendage     Tmut           #.....       99%         1    ##.....
b - Blade Hands           Tmut           #.........   100%        5    ######.
c - Ice Form              Ice/Tmut       #.......     100%        4    #####..


Dungeon Overview and Level Annotations

Branches:
Dungeon (11/15)            Temple (0/1) D:5            Lair (4/6) D:10
  Swamp (0/4) Lair:4        Snake (2/4) Lair:4          Orc (0/2) D:11

Altars:
Cheibriados
Dithmenos
Elyvilon
Fedhas
Makhleb
Nemelex Xobeh
Qazlal
Yredelemnul

Shops:
D:9 (

Annotations:
Snake:2 Aizul


Innate Abilities, Weirdness & Mutations

You are resistant to damage.
You can heal yourself by infusing magical energy.
You passively map the area around you.
You do not regenerate.


Message History

You feel very sick.
Aizul coils herself and waves her upper body at you.
The bolt of poison hits you!
You are lethally poisoned!
* * * LOW HITPOINT WARNING * * *
The blizzard demon gestures at you. The bolt of lightning hits you!
* * * LOW HITPOINT WARNING * * *
You're too hungry.
You feel much better.
You feel very sick.
Aizul coils herself and waves her upper body at you.
The bolt of poison hits you!
You are lethally poisoned!
* * * LOW HITPOINT WARNING * * *
Aizul hits you.
* * * LOW HITPOINT WARNING * * *
The blizzard demon gestures at you. The bolt of lightning hits you!
You die...

* * #
##......###.....#.#######
.#.###........#.....#.......#
*
.....#S.......####..#...<...#
,, , #...SN.#...#
##..........# *
#...##....##### #......######
*, ,#...##....# #......#
#.......รท)#### #.#....# *
..####...#....####.#...##
.........)2@..##.##...# *
...###.#...S.)))..###..##
,#.. ,.........)....##...#
.., #...........##...##.# . *
,.#......##.....#))..###
..#..#...##....)####...## ,,,
#..#......#...####.#..## * ,
, .....#....#.####........ ,
, * ...#....... #.......#


You could see Aizul and a blizzard demon.

Vanquished Creatures
  Snorg (Lair:4)
  2 naga warriors
  A hydra (Lair:4)
  2 two-headed ogres
  3 death yaks (Lair:3)
  3 anacondas (Snake:1)
  Urug (Lair:2)
  3 naga sharpshooters (Snake:1)
  A salamander mystic (Snake:2)
  A mana viper (Snake:1)
  A naga ritualist (Snake:1)
  The ghost of zkyp the Archer, a novice TeHu of Okawaru (D:6)
  3 salamanders (Snake:2)
  Joseph (D:10)
  3 guardian serpents
  9 black mambas
  2 naga magi
  3 torpor snails (Lair:2)
  A rime drake (Lair:1)
  8 spiny frogs
  A queen bee (D:9)
  A tyrant leech (Lair:4)
  14 blink frogs
  8 hippogriffs
  17 yaks
  A wyvern (Lair:1)
  4 basilisks
  Grum (D:8)
  A hungry ghost (D:8)
  16 nagas
  7 water moccasins
  The ghost of tidbits the Sneak, an amateur VSWz (D:4)
  Duvessa (D:6)
  7 porcupines
  A black bear (D:9)
  2 ice beasts
  An orc warrior (D:9)
  4 phantoms
  7 ogres
  A necrophage (D:5)
  22 wolves
  3 centaurs
  6 crocodiles
  11 bullfrogs
  A wyvern skeleton (D:10)
  Dowan (D:6)
  A scorpion (D:5)
  31 killer bees (D:9)
  3 wights (D:9)
  4 crimson imps
  A bullfrog zombie (D:8)
  9 hounds
  3 centaur skeletons
  A gnoll shaman (D:5)
  4 orc priests
  3 bullfrog skeletons
  An iguana (D:6)
  6 orc wizards
  9 worker ants
  A hound zombie (D:5)
  A howler monkey zombie (D:9)
  A worker ant zombie (D:9)
  8 adders
  2 shadow imps
  2 oozes
  An adder skeleton (D:4)
  3 worms
  3 dart slugs
  6 leopard geckos
  27 orcs
  3 ball pythons
  8 bats
  4 giant cockroaches
  8 hobgoblins
  16 jackals
  4 kobolds
  6 quokkas
  2 frilled lizards (D:1)
  6 goblins
  A jackal skeleton (D:7)
  A leopard gecko skeleton (D:4)
  2 quokka zombies
  20 rats
  3 fungi
  6 plants
411 creatures vanquished.

Vanquished Creatures (collateral kills)
  A naga warrior (Snake:1)
  A shock serpent (Snake:1)
  A mana viper (Snake:1)
  2 yaks (D:9)
  An ice beast (D:10)
  An eye of draining (D:9)
  A wolf (Lair:1)
  A centaur (D:8)
  A bullfrog zombie (D:10)
  An iguana (D:9)
  An orc (D:10)
12 creatures vanquished.

Vanquished Creatures (others)
  6 fungi
  5 plants (Lair:4)
11 creatures vanquished.

Grand Total: 434 creatures vanquished

Notes
Turn   | Place    | Note
-------+----------+-------------------------------------------
     0 | D:1      | FortyRogue the Deep Dwarf Gladiator began the quest for the Orb.
     0 | D:1      | Reached XP level 1. HP: 19/19 MP: 1/1
   135 | D:1      | Reached XP level 2. HP: 26/26 MP: 2/2
   426 | D:1      | Reached skill level 4 in Axes
   461 | D:1      | Reached XP level 3. HP: 20/32 MP: 0/3
   749 | D:2      | Reached skill level 1 in Armour
  1172 | D:3      | Reached XP level 4. HP: 19/39 MP: 4/4
  1370 | D:3      | Reached skill level 5 in Axes
  1379 | D:3      | Reached XP level 5. HP: 18/45 MP: 5/5
  1457 | D:3      | Noticed an ogre
  1470 | D:3      | Killed an ogre
  1860 | D:4      | Found a burning altar of Makhleb.
  1862 | D:4      | Noticed tidbits's ghost (amateur VSWz)
  1867 | D:4      | Became a worshipper of Makhleb the Destroyer
  1886 | D:4      | Killed tidbits's ghost
  1886 | D:4      | Reached skill level 6 in Axes
  1886 | D:4      | Reached XP level 6. HP: 55/55 MP: 5/5
  2193 | D:4      | Reached XP level 7. HP: 42/63 MP: 6/6
  2238 | D:4      | Reached skill level 7 in Axes
  2283 | D:4      | Found a stormy altar of Qazlal.
  2451 | D:5      | Entered Level 5 of the Dungeon
  2745 | D:5      | Reached * piety under Makhleb
  2770 | D:5      | Reached skill level 1 in Shields
  2772 | D:5      | Reached skill level 8 in Axes
  2772 | D:5      | Reached skill level 1 in Stealth
  2845 | D:5      | Reached XP level 8. HP: 28/72 MP: 7/7
  2850 | D:5      | Found a staircase to the Ecumenical Temple.
  3437 | D:5      | Found a shadowy altar of Dithmenos.
  3809 | D:6      | Reached skill level 9 in Axes
  3826 | D:6      | Noticed Duvessa
  3828 | D:6      | Noticed Dowan
  3846 | D:6      | Killed Duvessa
  3862 | D:6      | Killed Dowan
  3862 | D:6      | Reached ** piety under Makhleb
  3942 | D:6      | Noticed zkyp's ghost (novice TeHu)
  3968 | D:6      | Killed zkyp's ghost
  3968 | D:6      | Gained mutation: You passively map the area around you. [Deep Dwarf growth]
  3968 | D:6      | Reached XP level 9. HP: 45/80 MP: 8/8
  3980 | D:6      | Found a blossoming altar of Fedhas.
  4027 | D:6      | Reached skill level 1 in Invocations
  4054 | D:6      | Reached skill level 10 in Axes
  4140 | D:6      | Learned a level 1 spell: Beastly Appendage
  4146 | D:6      | Learned a level 5 spell: Blade Hands
  4186 | D:6      | Reached skill level 5 in Fighting
  4455 | D:6      | Found a basalt altar of Yredelemnul.
  4509 | D:6      | Found a white marble altar of Elyvilon.
  4770 | D:7      | Reached skill level 5 in Dodging
  4770 | D:7      | Reached skill level 5 in Shields
  5377 | D:8      | Reached skill level 11 in Axes
  5399 | D:8      | Noticed a two-headed ogre
  5462 | D:8      | Killed a two-headed ogre
  5462 | D:8      | Reached XP level 10. HP: 29/88 MP: 11/11
  5683 | D:8      | Found a blossoming altar of Fedhas.
  5721 | D:8      | Noticed Grum
  5736 | D:8      | Reached *** piety under Makhleb
  5749 | D:8      | Killed Grum
  5925 | D:8      | Reached skill level 5 in Armour
  6262 | D:9      | Noticed a two-headed ogre
  6275 | D:9      | Killed a two-headed ogre
  6286 | D:9      | Reached skill level 12 in Axes
  6393 | D:9      | Found a sparkling altar of Nemelex Xobeh.
  6707 | D:9      | Found Kirut's Antique Weapon Boutique.
  6720 | D:9      | Bought a runed war axe for 195 gold pieces
  7016 | D:9      | Reached **** piety under Makhleb
  7036 | D:9      | Reached XP level 11. HP: 97/97 MP: 12/12
  7288 | D:10     | Entered Level 10 of the Dungeon
  7330 | D:10     | Learned a level 4 spell: Ice Form
  7453 | D:10     | Noticed Joseph
  7473 | D:10     | Killed Joseph
  7608 | D:10     | Found a staircase to the Lair.
  8152 | D:11     | Found a staircase to the Orcish Mines.
  8244 | Lair:1   | Entered Level 1 of the Lair of Beasts
  8590 | Lair:1   | Reached skill level 13 in Axes
  8678 | Lair:1   | Reached ***** piety under Makhleb
  8678 | Lair:1   | Reached skill level 5 in Invocations
  8945 | Lair:1   | Reached XP level 12. HP: 106/106 MP: 14/14
  9423 | Lair:2   | Noticed Urug
  9439 | Lair:2   | Killed Urug
  9598 | Lair:2   | Found a snail-covered altar of Cheibriados.
  9668 | Lair:2   | Reached skill level 10 in Shields
 10211 | Lair:3   | Noticed a death yak
 10221 | Lair:3   | Noticed a death yak
 10736 | Lair:3   | Noticed a death yak
 10742 | Lair:3   | Killed a death yak
 10742 | Lair:3   | Reached skill level 14 in Axes
 10747 | Lair:3   | Killed a death yak
 10758 | Lair:3   | Killed a death yak
 10758 | Lair:3   | Reached skill level 5 in Throwing
 11186 | Lair:4   | Noticed Snorg
 11199 | Lair:4   | Killed Snorg
 11335 | Lair:4   | Identified the Collected Works on Captivating Changing
 11389 | Lair:4   | Found a staircase to the Snake Pit.
 11403 | Lair:4   | Noticed a five-headed hydra
 11414 | Lair:4   | Killed a 12-headed hydra
 11414 | Lair:4   | Reached XP level 13. HP: 117/117 MP: 15/15
 11429 | Lair:4   | Found a staircase to the Swamp.
 11818 | Snake:1  | Entered Level 1 of the Snake Pit
 11999 | Snake:1  | Reached skill level 1 in Evocations
 12242 | Snake:1  | Reached skill level 5 in Stealth
 12541 | Snake:1  | HP: 4/117 [naga warrior/dire flail (19)]
 12943 | Snake:2  | Reached skill level 15 in Axes
 12967 | Snake:2  | Noticed Aizul
 13004 | Snake:2  | Got a spiked chain mail
 13015 | Snake:2  | Identified the cursed +0 chain mail of Viumoigu {MR+} (You found it on level 2 of the Snake Pit)
 13248 | Snake:2  | Noticed a blizzard demon
 13253 | Snake:2  | Killed from afar by a blizzard demon

Skill      XL: |  1  2  3  4  5  6  7  8  9 10 11 12 13 |
---------------+----------------------------------------+-----
Throwing       | 2 3 4 5 6 |  6.4
Axes           | 4 5 6 8 9 11 12 13 14 15 | 15.2
Fighting       | 2 3 4 5 6 7 8 |  8.4
Armour         | 1 2 3 4 5 6 8 |  8.8
Dodging        | 4 5 6 7 |  7.5
Shields        | 1 4 5 7 9 10 11 | 11.6
Stealth        | 1 2 4 5 |  5.5
Invocations    | 3 4 5 6 |  6.8
Evocations     | 2 |  2.3

Action                   |  1- 3 |  4- 6 |  7- 9 | 10-12 | 13-15 || total
-------------------------+-------+-------+-------+-------+-------++-------
Melee: War axe           |   154 |   135 |   431 |   706 |   204 ||  1630
Throw: Throwing net      |     3 |       |     3 |     1 |       ||     7
       Tomahawk          |       |       |     2 |       |       ||     2
       Javelin           |       |       |       |   154 |    41 ||   195
Invok: Minor Destruction |       |       |    26 |    15 |    10 ||    51
       Lesser Servant of |       |       |       |     5 |     7 ||    12
       Major Destruction |       |       |       |     8 |       ||     8
       Greater Servant o |       |       |       |       |     1 ||     1
 Abil: Heal Wounds       |       |     1 |     1 |     2 |     7 ||    11
Evoke: Wand              |       |       |       |     7 |    16 ||    23
  Use: Scroll            |    10 |     3 |     7 |    10 |     6 ||    36
       Potion            |       |     2 |     2 |     2 |     4 ||    10
 Stab: Held in net/web   |     1 |       |       |       |       ||     1
       Distracted        |       |       |       |     3 |     2 ||     5
       Paralysed         |       |       |       |    11 |       ||    11
       Sleeping          |       |       |       |       |     2 ||     2
  Eat: Chunk             |     1 |     4 |    12 |    17 |     1 ||    35
       Ration            |       |       |       |     1 |     1 ||     2
Armor: Scale mail        |    63 |    75 |   108 |   221 |    51 ||   518
       Ring mail         |     5 |       |       |       |       ||     5
       Chain mail        |       |       |    50 |       |       ||    50
Dodge: Dodged            |    97 |    85 |   130 |   196 |    47 ||   555
Block: Shield            |       |       |   187 |    19 |       ||   206
       Large shield      |       |       |       |   550 |   156 ||   706
